 Dungeon Crawl Stone Soup version 0.28.0-62-gf88900778d (webtiles) character file.

Game seed: 12183778752311797620

93 cbfl8 the Cudgeller (level 4, -1/43 HPs)
             Began as a Gargoyle Berserker on June 20, 2023.
             Was a Believer of Trog.
             Slain by a jackal (3 damage)
             ... on level 3 of the Dungeon.
             The game lasted 00:02:02 (2954 turns).

cbfl8 the Cudgeller (Gargoyle Berserker)            Turns: 2954, Time: 00:02:02

Health: -1/43      AC:  9    Str: 20    XL:     4   Next: 62%
Magic:  4/4        EV:  9    Int:  8    God:    Trog [**....]
Gold:   86         SH:  6    Dex: 11    Spells: 3/3 levels left

rFire   . . .      SeeInvis .   a - +0 mace
rCold   . . .      Faith    .   e - +0 kite shield
rNeg    + . .      Spirit   .   h - +0 ring mail
rPois   ∞          Reflect  .   (no helmet)
rElec   +          Harm     .   (no cloak)
rCorr   .          Rampage  .   (no gloves)
Will    .....                   (no boots)
Stlth   ..........              (no amulet)
HPRegen 0.14/turn               (no ring)
MPRegen 0.09/turn               (no ring)

@: berserking, very quick
A: sickness immunity, AC +3, negative energy resistance 1, electricity
resistance, torment resistance 1, petrification resistance
a: Renounce Religion, Berserk, Trog's Hand


You were on level 3 of the Dungeon.
You worshipped Trog.
Trog was pleased with you.
You visited 1 branch of the dungeon, and saw 3 of its levels.

You collected 86 gold pieces.

Inventory:

Hand Weapons
 a - a +0 mace (weapon)
Armour
 e - a +0 kite shield (worn)
 h - a +0 ring mail (worn)
Scrolls
 c - a scroll of teleportation
 f - a scroll of enchant armour
Potions
 b - a potion of invisibility {unknown}
 g - a potion of flight {unknown}
 i - a potion of brilliance {unknown}
 j - 2 potions of attraction {unknown}


   Skills:
 + Level 3.9 Fighting
 + Level 4.1 Maces & Flails
 + Level 2.7 Armour
 + Level 2.2 Dodging


You had 3 spell levels left.
You didn't know any spells.
Your spell library was empty.

Dungeon Overview and Level Annotations

Branches:
Dungeon (3/15)

Altars:
Yredelemnul


Innate Abilities, Weirdness & Mutations

You are immune to sickness and miasma.
Your stone body is resilient. (AC +3)
You are immune to poison.
You resist negative energy. (rN+)
You are resistant to electric shocks. (rElec)
You are resistant to unholy torment.
You are immune to petrification.


Message History

The jackal bites you but does no damage.
The endoplasm freezes you.
You are frozen.
The jackal barely misses you. You block the jackal's attack.
The orc hits you with a +0 hand axe. You block the jackal's attack.
The jackal bites you but does no damage.
The endoplasm hits you but does no damage.
The jackal bites you but does no damage.
You are too injured to fight recklessly!
Unknown command.
You are too injured to fight recklessly!
A red film seems to cover your vision as you go berserk!
You feel yourself moving faster!
You feel mighty!
The ball python hisses angrily.
The jackal bites you.
* * * LOW HITPOINT WARNING * * *
You block the jackal's attack. The orc misses you.
The jackal bites you but does no damage.
The endoplasm freezes you.
You are frozen.
* * * LOW HITPOINT WARNING * * *
You closely miss the jackal. The jackal closely misses you.
The jackal bites you but does no damage.
The jackal barely misses you. The orc barely misses you.
The endoplasm hits you but does no damage.
The jackal bites you but does no damage.
You closely miss the jackal.
The jackal bites you but does no damage.
You block the jackal's attack. The orc hits you with a +0 hand axe.
* * * LOW HITPOINT WARNING * * *
You block the jackal's attack. The jackal closely misses you.
The endoplasm freezes you.
You are frozen.
* * * LOW HITPOINT WARNING * * *
The goblin hits you but does no damage. The jackal closely misses you.
You sock the jackal!
You kill the jackal!
Trog accepts your kill. The jackal closely misses you.
You block the orc's attack. The jackal bites you.
You die...

........#### #..
.#.....[...
###.............
..... ........
####..###.....#
.##.............###.
....................
...........ghh..###.
............@.......
.#..###.....oJ......
........###.#...####
.#....#.###.#..S###
#....#............ #
#.................
#.#....#.#.#.#.......
....................#
#.#...#.##.#.#...##.


You could see an orc, an endoplasm, 2 jackals, a goblin and a ball python.

Vanquished Creatures
  An orc wizard (D:3)
  2 adders (D:2)
  2 worms
  A dart slug (D:1)
  An orc (D:3)
  2 ball pythons
  3 endoplasms
  3 giant cockroaches
  3 goblins
  5 hobgoblins
  4 jackals
  4 kobolds
  2 quokkas (D:1)
  3 bats
  A frilled lizard (D:2)
  4 rats
41 creatures vanquished.

Notes
Turn   | Place    | Note
-------+----------+-------------------------------------------
     0 | D:1      | cbfl8 the Gargoyle Berserker began the quest for the Orb.
     0 | D:1      | Reached XP level 1. HP: 14/14 MP: 1/1
   554 | D:1      | Reached XP level 2. HP: 12/19 MP: 2/2
  1143 | D:1      | Found a faded altar of an unknown god.
  1617 | D:2      | Reached XP level 3. HP: 22/24 MP: 3/3
  1725 | D:2      | Reached ** piety under Trog
  1888 | D:2      | Found a basalt altar of Yredelemnul.
  2727 | D:2      | Reached XP level 4. HP: 29/29 MP: 4/4
  2947 | D:3      | Reached skill level 4 in Maces & Flails
  2953 | D:3      | HP: 2/43 [frozen (2)]
  2954 | D:3      | Slain by a jackal

Illustrated notes

Levels and vault maps discovered:
D:1:      minmay_arrival_four_houses, layout_loops_corners,
          dreamdust_ecumenical_altar_statues, minmay_close_crescents
D:2:      layout_loops_corners, basic_altar, dk_vineyard_2
D:3:      layout_basic, uniq_crazy_yiuf_cottage

Skill      XL: |  1  2  3  4 |
---------------+-------------+-----
Dodging        | 2 |  2.2
Maces & Flails | 4 |  4.1
Fighting       | |  3.9
Armour         | |  2.7

Action                   |  1- 3 |  4- 6 || total
-------------------------+-------+-------++-------
Melee: Mace              |   138 |    27 ||   165
Invok: Berserk           |     1 |     1 ||     2
  Use: Scroll            |       |     3 ||     3
Armor: Animal skin       |    29 |       ||    29
       Ring mail         |    29 |    28 ||    57
Dodge: Dodged            |    83 |    26 ||   109
Block: Kite shield       |    44 |    29 ||    73
